[Event "Titled Tuesday Blitz April 05 Late 2022"]
[White "Holt, Conrad"]
[Black "Yurtseven, Melih"]
[WhiteFideId "2034387"]
[BlackFideId "6312160"]
[WhiteElo "2854"]
[BlackElo "2533"]
[Result "1-0"]
[Round "02"]
[TimeControl "180+1"]
[Date "2022.04.06"]
[WhiteClock "0:00:18"]
[BlackClock "0:00:07"]

1. d4 Nf6 2. c4 g6 3. Nc3 d5 4. e3 Bg7 5. Qb3 dxc4 6. Bxc4 O-O 7. Nf3 Nc6 8. Ne5 Nxe5 9. dxe5 Nd7 10. e6 fxe6 11. O-O Nc5 12. Qc2 c6 13. Rd1 Qc7 14. b4 Na4 15. Qxa4 Bxc3 16. Rb1 Be5 17. f4 b5 18. Qc2 bxc4 19. fxe5 Ba6 20. e4 Rad8 21. Bh6 Rxd1+ 22. Rxd1 Rd8 23. Rf1 Qxe5 24. Qf2 Qf6 25. Qxa7 Qh4 26. Qc7 Ra8 27. Qxc6 Rd8 28. Qxe6+ Kh8 29. Qe5+ 1-0


[Site "https://www.chess.com"]

[Event "Titled Tuesday Blitz April 05 Late 2022"]
[White "Ibarra Jerez, Jose Carlos"]
[Black "Petrovic, Aleksa"]
[WhiteFideId "2226332"]
[BlackFideId "967629"]
[WhiteElo "2799"]
[BlackElo "2510"]
[Result "1-0"]
[Round "02"]
[TimeControl "180+1"]
[Date "2022.04.06"]
[WhiteClock "0:00:16"]
[BlackClock "0:00:03"]

1. e4 d6 2. d4 Nf6 3. Nc3 c6 4. f4 Qa5 5. Bd3 e5 6. Nf3 Bg4 7. Be3 Nbd7 8. O-O g6 9. h3 Bxf3 10. Qxf3 Bg7 11. dxe5 dxe5 12. f5 O-O 13. a3 b5 14. b4 Qc7 15. g4 Rfd8 16. Bf2 a6 17. Bh4 Rf8 18. g5 Nh5 19. f6 Bh8 20. Bf2 Nf4 21. Ne2 Ne6 22. h4 c5 23. Nc3 Nf4 24. Bg3 cxb4 25. Nd1 Nxd3 26. cxd3 h5 27. Ne3 bxa3 28. Nd5 Qc5+ 29. Bf2 Qd6 30. Rfc1 b4 31. Rc6 Qb8 32. Qd1 a5 33. Qa4 Kh7 34. Rc7 b3 35. Qxa3 Rd8 36. Qe7 Rf8 37. Qxd7 b2 38. Rb1 a4 39. Rb7 a3 40. Nc3 a2 41. Nxa2 Rxa2 42. Rxb8 Ra1 43. Rxb2 1-0


[Site "https://www.chess.com"]

[Event "Titled Tuesday Blitz April 05 Late 2022"]
[White "Jaferian, Koosha"]
[Black "Polok, Kacper"]
[WhiteFideId "12507440"]
[BlackFideId "1137158"]
[WhiteElo "2565"]
[BlackElo "2371"]
[Result "0-1"]
[Round "02"]
[TimeControl "180+1"]
[Date "2022.04.06"]
[WhiteClock "0:00:06"]
[BlackClock "0:00:34"]

1. Nf3 e6 2. b3 f5 3. Bb2 Nf6 4. g3 Be7 5. Bg2 O-O 6. O-O d6 7. d4 a5 8. c4 Ne4 9. Nbd2 Nxd2 10. Qxd2 a4 11. e3 Bf6 12. Rfd1 Qe7 13. Qb4 Nc6 14. Qa3 e5 15. b4 e4 16. Ne1 d5 17. b5 Na5 18. c5 Nc4 19. Qb4 b6 20. a3 bxc5 21. Qc3 cxd4 22. exd4 Bd7 23. Bc1 Bxb5 24. Bf4 c6 25. Nc2 Rac8 26. Nb4 Kh8 27. Rac1 h6 28. h4 Qe6 29. Qe1 Be7 30. Qc3 Rfd8 31. Nc2 c5 32. dxc5 Bxc5 33. Nd4 Qf6 34. Nxb5 Qb6 35. Rb1 Bxf2+ 36. Kh2 Qg6 37. Qc2 Be3 38. Qe2 Bxf4 39. gxf4 Qf6 40. Nd4 Qxh4+ 41. Kg1 Qxf4 42. Rf1 Qe3+ 43. Qxe3 Nxe3 44. Rf2 Rf8 45. Ne6 Rf6 46. Nf4 g5 47. Nh5 Rf7 48. Rb6 Kh7 49. Nf6+ Kh8 50. Nh5 Rc1+ 51. Bf1 Rxf1+ 52. Rxf1 Nxf1 53. Kxf1 Kh7 54. Nf6+ Kg7 55. Nh5+ Kf8 56. Rxh6 d4 57. Rg6 g4 58. Rd6 d3 59. Kf2 f4 60. Rd8+ Ke7 61. Rd4 e3+ 62. Ke1 d2+ 63. Kd1 f3 64. Ng3 f2 65. Nf1 Rf3 66. Rxg4 Kd6 67. Re4 e2+ 68. Rxe2 Rxa3 69. Rxd2+ Kc5 70. Rxf2 Rh3 71. Nd2 a3 72. Kc2 Kb4 73. Rf4+ Kb5 74. Rf5+ Kb4 75. Rf4+ Kb5 76. Rf1 Kb4 77. Rb1+ Kc5 78. Ne4+ Kd4 79. Nd2 Kc5 80. Nb3+ Kb4 81. Nc1+ Kc4 82. Ra1 Rh2+ 83. Kb1 Rb2# 0-1


[Site "https://www.chess.com"]

[Event "Titled Tuesday Blitz April 05 Late 2022"]
[White "Janturin, Artur"]
[Black "Sztokbant, Bernardo Vainzoff"]
[WhiteFideId "4130022"]
[BlackFideId "2115956"]
[WhiteElo "2338"]
[BlackElo "2537"]
[Result "1-0"]
[Round "02"]
[TimeControl "180+1"]
[Date "2022.04.06"]
[WhiteClock "0:00:01"]
[BlackClock "0:00:01"]

1. b3 e5 2. Bb2 Nc6 3. e3 Nf6 4. Nf3 Bd6 5. d4 exd4 6. Nxd4 O-O 7. Be2 Re8 8. O-O Bf8 9. Nxc6 bxc6 10. c4 g6 11. Nc3 Bg7 12. Qd2 d6 13. Bf3 Bb7 14. Rfd1 Nd7 15. Ne4 Ne5 16. Bxe5 Bxe5 17. Rac1 f5 18. Ng3 Qf6 19. Qb4 Rab8 20. Qa4 f4 21. exf4 Bxf4 22. Rb1 Bc8 23. Bxc6 Rf8 24. Qxa7 Bg4 25. f3 Be6 26. Ne4 Qe5 27. g3 Bh6 28. Rf1 Bh3 29. Rf2 Rb6 30. Qxc7 Be3 31. Bd5+ Kh8 32. Re1 Qd4 33. Rxe3 Qxe3 34. Nd2 Qe1+ 35. Nf1 Rbb8 36. Qa7 Rbe8 37. Qd4+ Qe5 38. Qxe5+ Rxe5 39. a4 Re1 40. a5 Ra1 41. b4 Re8 42. Be4 Kg7 43. g4 1-0


[Site "https://www.chess.com"]

[Event "Titled Tuesday Blitz April 05 Late 2022"]
[White "Javakhadze, Zurab"]
[Black "Keymer, Vincent"]
[WhiteFideId "13603647"]
[BlackFideId "12940690"]
[WhiteElo "2381"]
[BlackElo "2557"]
[Result "1-0"]
[Round "02"]
[TimeControl "180+1"]
[Date "2022.04.05"]
[WhiteClock "0:00:17"]
[BlackClock "0:00:11"]

1. d4 Nf6 2. c4 e6 3. Nf3 d5 4. Nc3 Bb4 5. Bg5 h6 6. Bxf6 Qxf6 7. Qa4+ Nc6 8. e3 O-O 9. Be2 dxc4 10. O-O Bd7 11. Bxc4 Qe7 12. Qc2 Rac8 13. d5 Nd8 14. Rfd1 e5 15. e4 a6 16. Qb3 Bd6 17. a4 f5 18. exf5 Bxf5 19. Re1 Kh8 20. Ne4 Bb4 21. Re3 a5 22. Ng3 Bd6 23. Rae1 Bg6 24. Nxe5 Bxe5 25. Rxe5 Qf6 26. R1e2 b6 27. R5e3 Nb7 28. Re6 Qg5 29. h4 Qg4 30. h5 Nc5 31. Qc3 Nxe6 32. Rxe6 Bxh5 33. Rxh6+ Kg8 34. Rxh5 Rf7 35. d6 cxd6 36. Bxf7+ Kxf7 37. Qf3+ Qxf3 38. gxf3 Rc2 39. Rb5 Rc4 40. b3 Rb4 41. Rxb4 axb4 42. Kf1 Kf6 43. Ke2 Ke5 44. Kd3 d5 45. Ne2 g5 46. Nd4 Kf4 47. Ke2 Ke5 48. Nc6+ Kd6 49. Nxb4 Kc5 50. Nc2 d4 51. Kd3 g4 52. fxg4 1-0


[Site "https://www.chess.com"]

[Event "Titled Tuesday Blitz April 05 Late 2022"]
[White "Johnson, Ben"]
[Black "Baches Garcia, Guillermo"]
[WhiteFideId "2010917"]
[BlackFideId "2209764"]
[WhiteElo "2153"]
[BlackElo "2492"]
[Result "0-1"]
[Round "02"]
[TimeControl "180+1"]
[Date "2022.04.06"]
[WhiteClock "0:00:05"]
[BlackClock "0:00:40"]

1. Nf3 d5 2. e3 Nf6 3. c4 e6 4. b3 Be7 5. Bb2 O-O 6. Nc3 b6 7. cxd5 exd5 8. Qc2 c5 9. d4 Nc6 10. Rd1 Nb4 11. Qb1 g6 12. Rd2 Bf5 13. Qc1 c4 14. Ne5 cxb3 15. axb3 Rc8 16. f3 Na2 17. Qa1 Nxc3 18. Bxc3 Qc7 19. Bb2 Bb4 20. Qd1 Qc2 21. g4 Bxd2+ 22. Qxd2 Qxd2+ 23. Kxd2 Rc2+ 24. Kd1 Rxb2 25. gxf5 Rc8 26. Bd3 Rc3 27. fxg6 hxg6 28. h4 Rcxb3 29. f4 Rb1+ 30. Kc2 R1b2+ 31. Kc1 Ne4 0-1


[Site "https://www.chess.com"]

[Event "Titled Tuesday Blitz April 05 Late 2022"]
[White "Kaganskiy, Gleb"]
[Black "Bachmann, Axel"]
[WhiteFideId "4132025"]
[BlackFideId "3700488"]
[WhiteElo "2165"]
[BlackElo "2587"]
[Result "0-1"]
[Round "02"]
[TimeControl "180+1"]
[Date "2022.04.06"]
[WhiteClock "0:00:15"]
[BlackClock "0:00:09"]

1. e4 c5 2. Nf3 d6 3. d4 cxd4 4. Qxd4 Nf6 5. Nc3 Nc6 6. Bb5 Bd7 7. Bxc6 Bxc6 8. Bg5 e6 9. O-O-O Be7 10. Rhe1 h6 11. Kb1 hxg5 12. Nd5 g4 13. Nxe7 Kxe7 14. Ng5 Qb6 15. Qxd6+ Ke8 16. e5 Nd5 17. Nxe6 fxe6 18. Qxe6+ Ne7 19. Rd6 Qxf2 20. Red1 Rc8 21. Qxg4 Qxc2+ 22. Kxc2 Bd7+ 23. Kb3 Bxg4 24. R6d4 Be6+ 25. Ka3 Rxh2 26. R1d2 Nc6 27. Rf4 Rh8 28. Rd6 Ke7 0-1


[Site "https://www.chess.com"]

[Event "Titled Tuesday Blitz April 05 Late 2022"]
[White "Karttunen, Mika"]
[Black "Xiong, Jeffery"]
[WhiteFideId "502081"]
[BlackFideId "2047640"]
[WhiteElo "2343"]
[BlackElo "2727"]
[Result "0-1"]
[Round "02"]
[TimeControl "180+1"]
[Date "2022.04.05"]
[WhiteClock "0:00:18"]
[BlackClock "0:01:24"]

1. e4 c5 2. Nf3 d6 3. d4 cxd4 4. Nxd4 Nf6 5. Nc3 a6 6. Be3 e5 7. Nb3 Be6 8. f3 Nbd7 9. Qd2 b5 10. a4 b4 11. Nd5 Bxd5 12. exd5 Nb6 13. Bxb6 Qxb6 14. a5 Qb7 15. O-O-O g6 16. g4 Bg7 17. h4 O-O 18. h5 Rac8 19. hxg6 fxg6 20. g5 Nh5 21. Bh3 Rc7 22. Be6+ Kh8 23. Rxh5 gxh5 24. Rh1 Qb5 25. Kb1 Rxf3 26. Rxh5 Qf1+ 27. Ka2 Rf2 28. g6 Bf8 29. Qg5 Rfxc2 30. g7+ Bxg7 31. Qg6 Rxb2+ 32. Kxb2 e4+ 33. Nd4 Bxd4+ 34. Kb3 Qb1+ 35. Ka4 Qa2+ 36. Kxb4 Bc3# 0-1


[Site "https://www.chess.com"]

[Event "Titled Tuesday Blitz April 05 Late 2022"]
[White "Khanin, Semen"]
[Black "Golubev, Mikhail"]
[WhiteFideId "4111990"]
[BlackFideId "14100983"]
[WhiteElo "2765"]
[BlackElo "2426"]
[Result "1-0"]
[Round "02"]
[TimeControl "180+1"]
[Date "2022.04.06"]
[WhiteClock "0:00:55"]
[BlackClock "0:00:04"]

1. e4 c5 2. Nf3 d6 3. d4 Nf6 4. Nc3 cxd4 5. Nxd4 g6 6. Be3 Bg7 7. f3 Nc6 8. Qd2 O-O 9. Bc4 Bd7 10. O-O-O Rb8 11. Bb3 Na5 12. Kb1 b5 13. h4 Nc4 14. Bxc4 bxc4 15. Ka1 h5 16. Bh6 Qa5 17. Bxg7 Kxg7 18. Rhe1 Rb6 19. Nd5 Qxd2 20. Rxd2 Nxd5 21. exd5 Kf6 22. Re4 c3 23. bxc3 Rc8 24. Rd3 e5 25. dxe6 fxe6 26. Nb3 e5 27. Ree3 Bf5 28. Rd2 Rc4 29. g3 Ra6 30. Kb2 Rca4 31. a3 Rxa3 32. Rxd6+ Rxd6 33. Kxa3 Bxc2 34. Nc5 Rd5 35. Kb4 a5+ 36. Kb5 a4 37. c4 Rd1 38. Kc6 Rd4 39. Nd7+ Kg7 40. Nxe5 Bb3 41. c5 Rd1 42. Kb5 Rb1 43. Kb4 Bd1+ 44. Ka3 Rc1 45. c6 Rc5 46. f4 Bb3 47. Kb4 Rc2 48. Rxb3 axb3 49. Kxb3 Rc1 50. Nc4 Rb1+ 51. Ka4 Rb8 52. Nd6 Ra8+ 53. Kb5 Ra3 54. c7 Rb3+ 55. Kc4 Rb1 56. c8=Q 1-0


[Site "https://www.chess.com"]

[Event "Titled Tuesday Blitz April 05 Late 2022"]
[White "Khripachenko, Alexander"]
[Black "Babazada, Khazar"]
[WhiteFideId "54184975"]
[BlackFideId "13413554"]
[WhiteElo "2193"]
[BlackElo "2406"]
[Result "0-1"]
[Round "02"]
[TimeControl "180+1"]
[Date "2022.04.05"]
[WhiteClock "0:00:05"]
[BlackClock "0:00:38"]

1. e4 Nf6 2. e5 Nd5 3. d4 d6 4. c4 Nb6 5. f4 dxe5 6. fxe5 Bf5 7. Be3 e6 8. Nc3 Be7 9. Nf3 O-O 10. Be2 f6 11. O-O Nc6 12. exf6 Bxf6 13. Qd2 Qe8 14. c5 Nd5 15. Nxd5 exd5 16. Bb5 Be4 17. Rae1 Qg6 18. Bxc6 bxc6 19. Bf4 Rae8 20. Ne5 Qh5 21. Nxc6 Re6 22. Ne5 Bh4 23. Bg3 Rxf1+ 24. Rxf1 Bxg3 25. hxg3 Rh6 26. Nf3 Rg6 27. Qf4 h6 28. Qxc7 Kh7 29. Qe5 Qg4 30. Qf4 Qc8 31. Ne5 Rg5 32. c6 Qb8 33. Nf3 Qxb2 34. Nxg5+ hxg5 35. Qf2 Qc3 36. Re1 Qxc6 37. g4 Qd7 38. Qg3 Qa4 39. Qe3 Kg6 40. Kh2 Qxa2 41. Rc1 Qxg2# 0-1


[Site "https://www.chess.com"]

[Event "Titled Tuesday Blitz April 05 Late 2022"]
[White "Koellner, Ruben Gideon"]
[Black "Oganian, Miran"]
[WhiteFideId "12993093"]
[BlackFideId "4122488"]
[WhiteElo "2551"]
[BlackElo "2357"]
[Result "1-0"]
[Round "02"]
[TimeControl "180+1"]
[Date "2022.04.05"]
[WhiteClock "0:00:29"]
[BlackClock "0:00:12"]

1. d4 d5 2. Bf4 Nf6 3. e3 e6 4. c3 Bd6 5. Bg3 Ne4 6. Nd2 f5 7. Ngf3 O-O 8. Ne5 Nd7 9. f4 Bxe5 10. fxe5 Nxg3 11. hxg3 Qg5 12. Qf3 g6 13. Qf4 Qxf4 14. exf4 c5 15. Nf3 Rd8 16. Ng5 Nf8 17. dxc5 a5 18. a4 Bd7 19. Bb5 Bxb5 20. axb5 Rdc8 21. c6 bxc6 22. bxc6 Rxc6 23. Kd2 Rb8 24. Kc2 Rb5 25. Ra4 Rcb6 26. Rb1 Nd7 27. b4 axb4 28. Raxb4 Rxb4 29. Rxb4 Rc6 30. Kb2 Nb6 31. Nf3 Nc4+ 32. Kb3 Ra6 33. Rb8+ Kg7 34. Rb7+ Kg8 35. Ng5 h6 36. Rb8+ Kg7 37. Rb7+ Kg8 38. Rb8+ Kg7 39. Nf3 Rb6+ 40. Rxb6 Nxb6 41. Nd2 g5 42. Kb4 Kg6 43. Kb5 Nd7 44. Kc6 Nf8 45. Kd6 Kf7 46. Nf3 gxf4 47. gxf4 Ng6 48. g3 Nf8 49. Nd4 h5 50. Nc6 Ng6 51. Nd8+ Kg8 52. Nxe6 h4 53. gxh4 Nxh4 54. Kxd5 Kf7 55. c4 Ng2 56. c5 Ne3+ 57. Kd6 Nc4+ 58. Kd7 Na5 59. Nd8+ Kg6 60. c6 Nc4 61. e6 1-0


[Site "https://www.chess.com"]

[Event "Titled Tuesday Blitz April 05 Late 2022"]
[White "Kollars, Dmitrij"]
[Black "Shapiro, David"]
[WhiteFideId "12909572"]
[BlackFideId "24133523"]
[WhiteElo "2948"]
[BlackElo "2548"]
[Result "1-0"]
[Round "02"]
[TimeControl "180+1"]
[Date "2022.04.06"]
[WhiteClock "0:01:48"]
[BlackClock "0:00:12"]

1. b3 e5 2. Bb2 Nc6 3. e3 Nf6 4. Bb5 Bd6 5. Nf3 Qe7 6. d4 exd4 7. Nxd4 Nxd4 8. Qxd4 O-O 9. Be2 Re8 10. Nd2 Be5 11. Qxe5 Qxe5 12. Bxe5 Rxe5 13. c4 d6 14. O-O-O Bg4 15. Nf3 Ree8 16. h3 Bh5 17. Rd4 a5 18. a3 Bg6 19. Nd2 Ne4 20. Nxe4 Rxe4 21. Bf3 Rxd4 22. exd4 Re8 23. Kd2 b6 24. b4 axb4 25. axb4 c5 26. Kc3 Kf8 27. Ra1 Rb8 28. Ra7 Bf5 29. Bd5 Be6 30. Bxe6 fxe6 31. Rd7 Ke8 32. Rxd6 cxb4+ 33. Kxb4 Ke7 34. Rc6 Kd7 35. Kb5 Ra8 36. Rxb6 Ra2 37. Rb7+ Kd6 38. c5+ Kd5 39. Rd7+ Ke4 40. c6 Rxf2 41. c7 Rc2 42. Kb6 h5 43. Kb7 Rb2+ 44. Kc8 g5 45. Kd8 Rc2 46. c8=Q Rxc8+ 47. Kxc8 g4 48. hxg4 hxg4 1-0


[Site "https://www.chess.com"]

[Event "Titled Tuesday Blitz April 05 Late 2022"]
[White "Kosteniuk, Alexandra"]
[Black "Zhou, Qiyu"]
[WhiteFideId "4128125"]
[BlackFideId "505161"]
[WhiteElo "2687"]
[BlackElo "2388"]
[Result "1-0"]
[Round "02"]
[TimeControl "180+1"]
[Date "2022.04.06"]
[WhiteClock "0:01:36"]
[BlackClock "0:00:49"]

1. e4 e5 2. Nf3 Nc6 3. Bc4 Bc5 4. c3 Nf6 5. d4 exd4 6. cxd4 Bb4+ 7. Nbd2 Nxe4 8. d5 Ne7 9. O-O Nxd2 10. Nxd2 O-O 11. a3 Ba5 12. b4 Bb6 13. d6 cxd6 14. Ne4 Nf5 15. Bb2 Qh4 16. Bd5 Re8 17. Qf3 Nh6 18. Nxd6 Rf8 19. Rae1 Bc7 20. Be5 Qg4 21. Nxf7 1-0


[Site "https://www.chess.com"]

[Event "Titled Tuesday Blitz April 05 Late 2022"]
[White "Kostiukov, Alexandr"]
[Black "Kosakowski, Jakub"]
[WhiteFideId "14108100"]
[BlackFideId "1185080"]
[WhiteElo "2342"]
[BlackElo "2738"]
[Result "0-1"]
[Round "02"]
[TimeControl "180+1"]
[Date "2022.04.06"]
[WhiteClock "0:00:06"]
[BlackClock "0:00:28"]

1. g3 f5 2. c4 Nf6 3. Bg2 g6 4. d4 Bg7 5. Nc3 O-O 6. Nf3 d6 7. O-O Nc6 8. d5 Na5 9. Nd2 c5 10. dxc6 Nxc6 11. e4 e5 12. Nd5 Be6 13. b3 b5 14. Nxf6+ Qxf6 15. exf5 Bd7 16. cxb5 Nd4 17. fxg6 Rac8 18. gxh7+ Kh8 19. Ne4 Qg6 20. Ba3 Bg4 21. f3 Bxf3 22. Bxf3 Rxf3 23. Rxf3 Qxe4 24. Rf2 Bh6 25. Bc1 Be3 26. Bxe3 Qxe3 27. Qe1 Nf3+ 28. Kf1 Nxe1 29. Rxe1 Rc1 30. Rxc1 Qxc1+ 31. Kg2 Kxh7 32. a4 Qc3 33. Rf3 Qc2+ 34. Kh3 e4 35. Rf7+ Kg6 36. Rxa7 e3 37. b6 e2 38. b7 Qf5+ 39. Kg2 Qf1# 0-1


[Site "https://www.chess.com"]

[Event "Titled Tuesday Blitz April 05 Late 2022"]
[White "Kozin, Yuri"]
[Black "Petrova, Irina"]
[WhiteFideId "4129920"]
[BlackFideId "14124122"]
[WhiteElo "2521"]
[BlackElo "2283"]
[Result "1-0"]
[Round "02"]
[TimeControl "180+1"]
[Date "2022.04.06"]
[WhiteClock "0:00:42"]
[BlackClock "0:00:13"]

1. e4 d6 2. d4 Nf6 3. Nc3 e5 4. Nf3 Nbd7 5. Bc4 Be7 6. O-O O-O 7. Re1 c6 8. a4 h6 9. a5 Re8 10. d5 b5 11. Ba2 Bb7 12. a6 Bxa6 13. dxc6 Nc5 14. Nd5 Nxd5 15. Bxd5 Qc8 16. Be3 b4 17. Bxc5 dxc5 18. Nxe5 Bf6 19. Bxf7+ Kh8 20. Bxe8 Bxe5 21. Bd7 Qc7 22. Rxa6 Bxh2+ 23. Kh1 Rf8 24. Qh5 Be5 25. Bf5 Qd6 26. Qg6 Qxg6 27. Bxg6 Rxf2 28. Rxa7 Rf8 29. Re7 Bd6 30. Re8 Rxe8 31. Bxe8 Kg8 32. e5 Bc7 33. e6 Kf8 34. Bf7 Ke7 35. Rd1 Bd6 36. c7 Bxc7 37. Rd7+ Kf6 38. Rxc7 1-0


[Site "https://www.chess.com"]

[Event "Titled Tuesday Blitz April 05 Late 2022"]
[White "Lashkin, Jegor"]
[Black "Sebag, Marie"]
[WhiteFideId "13907808"]
[BlackFideId "617822"]
[WhiteElo "2783"]
[BlackElo "2439"]
[Result "0-1"]
[Round "02"]
[TimeControl "180+1"]
[Date "2022.04.06"]
[WhiteClock "0:00:01"]
[BlackClock "0:00:04"]

1. Nf3 d5 2. b3 Bf5 3. Bb2 Nf6 4. e3 e6 5. Be2 Be7 6. Nh4 Be4 7. d3 Bg6 8. O-O O-O 9. Nxg6 hxg6 10. c4 c5 11. cxd5 Nxd5 12. Nd2 Bf6 13. Bxf6 Qxf6 14. Ne4 Qe7 15. Qc2 Nd7 16. Rac1 Rac8 17. Qb2 b6 18. a3 Rfd8 19. Rc2 N7f6 20. Nd2 e5 21. Rfc1 Qe6 22. Nf3 Re8 23. h3 Rcd8 24. b4 cxb4 25. axb4 e4 26. Ng5 Qf5 27. Nxe4 Nxe4 28. dxe4 Qxe4 29. Rc4 Qe7 30. Bf3 Rd7 31. b5 Red8 32. Ra4 Nf6 33. Qa1 g5 34. Bc6 Rd2 35. Rxa7 Qe6 36. Bf3 g4 37. hxg4 Nxg4 38. Ra8 Ne5 39. Rxd8+ Rxd8 40. Be4 Ng4 41. Bf3 Ne5 42. Be2 Rd2 43. Qa8+ Kh7 44. Qe4+ f5 45. Qh4+ Kg8 46. Qh5 g6 47. Qh4 Rxe2 48. Qd8+ Kg7 49. Rc7+ Nf7 50. Qd1 Ra2 51. Qb1 Ra5 52. Qb2+ Qf6 53. Qd2 Ra1+ 54. Rc1 Rxc1+ 55. Qxc1 Qe5 56. Qb1 Qc5 57. Qd3 Kg8 58. Qe2 Kg7 59. Kh2 Nd6 60. f3 Nxb5 61. Qb2+ Kf7 62. Qh8 Qd6+ 63. Kh1 Qd7 64. Qh7+ Ke6 65. Qxg6+ Kd5 66. Qg8+ Kc5 67. Qa2 Nd6 68. Qc2+ Nc4 69. Kh2 b5 70. Qf2 b4 71. e4+ Qd4 72. Qg3 Qe5 73. f4 Qxe4 74. Qf2+ Qd4 75. Qh4 Ne3 76. Qh5 Qxf4+ 77. Kh1 Qf1+ 0-1


[Site "https://www.chess.com"]

[Event "Titled Tuesday Blitz April 05 Late 2022"]
[White "Le Goff, Ronan"]
[Black "Andrews, Todd"]
[WhiteFideId "612073"]
[BlackFideId "2012456"]
[WhiteElo "2525"]
[BlackElo "2292"]
[Result "1-0"]
[Round "02"]
[TimeControl "180+1"]
[Date "2022.04.06"]
[WhiteClock "0:00:46"]
[BlackClock "0:00:05"]

1. d4 Nf6 2. Nf3 c5 3. d5 g6 4. Nc3 d6 5. e4 Bg7 6. Bb5+ Nfd7 7. a4 O-O 8. h3 Na6 9. O-O Nc7 10. Re1 a6 11. Bf1 Rb8 12. a5 b5 13. axb6 Rxb6 14. Ra2 Nb5 15. Ne2 Ne5 16. Nxe5 Bxe5 17. Bh6 Bg7 18. Bxg7 Kxg7 19. c3 e6 20. Nf4 e5 21. Nd3 f5 22. Ra4 f4 23. Be2 h5 24. f3 Qh4 25. Nf2 Nc7 26. Qd2 Bd7 27. Ra2 Rfb8 28. Rea1 Kh6 29. Bf1 g5 30. Qe2 Rg8 31. Qe1 Qg3 32. Bxa6 Nxa6 33. Rxa6 Rgb8 34. b4 cxb4 35. cxb4 Bb5 36. Rxb6 Rxb6 37. Ra7 Bc4 38. Qc3 g4 39. hxg4 h4 40. Qxc4 h3 41. Nxh3 Qe1+ 42. Qf1 Qe3+ 43. Qf2 Qc1+ 44. Kh2 Rb5 45. Qh4+ Kg6 46. Qh5+ Kf6 47. Qf5# 1-0


[Site "https://www.chess.com"]

[Event "Titled Tuesday Blitz April 05 Late 2022"]
[White "Leiva, Gianmarco"]
[Black "Rabineau, Clement"]
[WhiteFideId "3804399"]
[BlackFideId "628891"]
[WhiteElo "2755"]
[BlackElo "2404"]
[Result "1-0"]
[Round "02"]
[TimeControl "180+1"]
[Date "2022.04.06"]
[WhiteClock "0:01:10"]
[BlackClock "0:00:02"]

1. e4 d6 2. Nf3 g6 3. d4 Bg7 4. Nc3 Nf6 5. Be2 O-O 6. O-O Bg4 7. Be3 Nc6 8. d5 Bxf3 9. Bxf3 Ne5 10. Be2 c6 11. dxc6 bxc6 12. f4 Ned7 13. Bd3 e5 14. f5 d5 15. Bg5 Qb6+ 16. Kh1 Qxb2 17. Qd2 dxe4 18. Nxe4 Nxe4 19. Bxe4 Nc5 20. Bxc6 Rac8 21. Bd5 gxf5 22. Rab1 Qd4 23. Rxf5 Ne6 24. c4 Rxc4 25. Bxc4 Qxc4 26. Rbf1 Nd4 27. R5f2 f5 28. Be3 Rd8 29. Bxd4 Qxd4 30. Qxd4 exd4 31. Rd2 Bh6 32. Rd3 Be3 33. g3 Rc8 34. a3 Rc5 35. Rb1 Ra5 36. Rb7 Kf8 37. Rxh7 Kg8 38. Rb7 1-0


[Site "https://www.chess.com"]

[Event "Titled Tuesday Blitz April 05 Late 2022"]
[White "Lewicki, Miroslaw"]
[Black "Sanchez, Robert"]
[WhiteFideId "1113380"]
[BlackFideId "2034360"]
[WhiteElo "2529"]
[BlackElo "2321"]
[Result "0-1"]
[Round "02"]
[TimeControl "180+1"]
[Date "2022.04.06"]
[WhiteClock "0:01:01"]
[BlackClock "0:00:36"]

1. g3 d5 2. Bg2 e5 3. Nf3 Nc6 4. O-O f6 5. b3 Be6 6. Bb2 Qd7 7. d4 e4 8. Nfd2 O-O-O 9. e3 h5 10. f4 h4 11. c4 hxg3 12. hxg3 Bh3 13. Qe2 Bxg2 14. Qxg2 Nb4 15. cxd5 f5 16. Nc4 Nxd5 17. Ne5 Qe8 18. Re1 Ngf6 19. g4 fxg4 20. Nxg4 Kb8 21. Nc3 Bb4 22. Nxd5 Nxd5 23. Re2 Qe6 24. Rf1 Rh4 25. f5 Qa6 26. a3 Bd6 27. Rfe1 Qd3 28. b4 Rdh8 29. Rf2 a5 30. bxa5 Rh3 31. Ne5 Bxe5 32. dxe5 Nxe3 33. Rxe3 Qxe3 34. f6 Rh1+ 35. Qxh1 Rxh1+ 36. Kg2 Rh2+ 37. Kxh2 Qxf2+ 38. Kh3 gxf6 39. exf6 e3 40. Bd4 Qf3+ 41. Kh4 e2 42. Bc3 Qxf6+ 43. Bxf6 e1=Q+ 44. Kg5 Qxa5+ 45. Kg6 Qxa3 46. Be7 Qd3+ 47. Kf7 c5 48. Bxc5 b5 49. Ke6 Kb7 50. Bd6 Kc6 51. Be5 b4 52. Bf6 b3 53. Be5 Qc2 54. Bf6 b2 55. Bxb2 Qxb2 56. Kf7 Qe5 57. Kg6 Qf4 58. Kg7 Kd7 59. Kg6 Ke7 60. Kh5 Qg3 61. Kh6 Kf6 62. Kh7 Qg7# 0-1


[Site "https://www.chess.com"]

[Event "Titled Tuesday Blitz April 05 Late 2022"]
[White "Lewtak, Damian"]
[Black "Jobava, Baadur"]
[WhiteFideId "1141724"]
[BlackFideId "13601520"]
[WhiteElo "2362"]
[BlackElo "2617"]
[Result "0-1"]
[Round "02"]
[TimeControl "180+1"]
[Date "2022.04.05"]
[WhiteClock "0:01:11"]
[BlackClock "0:01:52"]

1. d4 Nf6 2. c3 b6 3. Bf4 Bb7 4. e3 g6 5. Nd2 Bg7 6. Ngf3 O-O 7. h4 c5 8. Bd3 Nc6 9. h5 d6 10. hxg6 hxg6 11. Ng5 e5 12. Bg3 exd4 13. Nde4 Nxe4 14. Nxe4 dxc3 15. Qg4 cxb2 16. Rd1 Bc8 17. Qf4 Ne5 18. Bb1 Ba6 19. Rxd6 Nd3+ 20. Bxd3 Bxd3 21. Kd2 b1=Q 22. Rxb1 Bxb1 23. Rxd8 Raxd8+ 24. Nd6 Bxa2 0-1


[Site "https://www.chess.com"]

[Event "Titled Tuesday Blitz April 05 Late 2022"]
[White "Li, Ben"]
[Black "Estrada Nieto, Julian"]
[WhiteFideId "2089980"]
[BlackFideId "5101018"]
[WhiteElo "2740"]
[BlackElo "2369"]
[Result "1-0"]
[Round "02"]
[TimeControl "180+1"]
[Date "2022.04.06"]
[WhiteClock "0:01:47"]
[BlackClock "0:01:22"]

1. d4 d5 2. Nf3 Nf6 3. c4 dxc4 4. Nc3 a6 5. e4 b5 6. e5 Nd5 7. a4 e6 8. axb5 Bb4 9. Qc2 Bb7 10. Bxc4 axb5 11. Bxb5+ c6 12. Rxa8 Bxa8 13. Bd3 h6 14. O-O O-O 15. Ne4 Nd7 16. Bd2 Qb6 17. Ra1 c5 18. dxc5 Nxc5 19. Bxb4 Nxd3 20. Bxf8 Bb7 21. Qxd3 Kxf8 22. Qd4 Qb3 23. Nd6 Bc6 24. h4 Kg8 25. Ra7 Qc2 26. Rxf7 Qc1+ 27. Kh2 Be8 28. Rxg7+ Kxg7 29. Nxe8+ Kf8 30. Nf6 1-0


[Site "https://www.chess.com"]

[Event "Titled Tuesday Blitz April 05 Late 2022"]
[White "Maghsoodloo, Parham"]
[Black "Najer, Evgeniy"]
[WhiteFideId "12539929"]
[BlackFideId "4118987"]
[WhiteElo "2630"]
[BlackElo "2562"]
[Result "1-0"]
[Round "02"]
[TimeControl "180+1"]
[Date "2022.04.05"]
[WhiteClock "0:00:04"]
[BlackClock "0:00:01"]

1. d4 d5 2. Nf3 Nf6 3. Bf4 c5 4. e3 Nc6 5. Nbd2 Nh5 6. dxc5 Nxf4 7. exf4 Qa5 8. c4 e6 9. a3 Qxc5 10. b4 Qb6 11. Bd3 Be7 12. O-O O-O 13. Rc1 Bd7 14. Re1 Rfe8 15. Qb3 Nd4 16. Nxd4 Qxd4 17. g3 Ba4 18. Qb1 g6 19. Nf3 Qf6 20. c5 Rac8 21. Ne5 Red8 22. Qa2 Bf8 23. Qe2 Bg7 24. Bb5 Bxb5 25. Qxb5 Qe7 26. Nd3 Qc7 27. Qa4 a6 28. Qb3 Bf6 29. a4 Kg7 30. b5 axb5 31. axb5 Ra8 32. Re2 Qa5 33. c6 bxc6 34. bxc6 Rab8 35. Qd1 Rdc8 36. Rec2 Rc7 37. Nc5 Rxc6 38. Nb3 Rxb3 39. Rxc6 Rb2 40. R6c2 Rb7 41. h4 h5 42. f5 exf5 43. Rc5 Qa3 44. Qxd5 Re7 45. Kg2 f4 46. gxf4 Bxh4 47. f5 Bf6 48. fxg6 fxg6 49. Rc8 Qa4 50. R1c4 Qd7 51. Qg8+ Kh6 52. Qf8+ Bg7 53. Qf4+ Kh7 54. Qf3 Rf7 55. Qe4 Qf5 56. Qxf5 Rxf5 57. R4c7 Kh6 58. Rg8 Bd4 59. f3 Rg5+ 60. Kf1 Rf5 61. Ke2 Be5 62. Rc6 Bf6 63. Rf8 Re5+ 64. Kf1 Bg7 65. Rf7 Rd5 66. f4 Rd1+ 67. Ke2 Rd5 68. f5 Re5+ 69. Kf3 1-0


[Site "https://www.chess.com"]